Map: Odyssey LE

Players

Bourbond - Winner!

  • Race: Terran Terran
  • League: Master
  • Spawn Location: 11:00

zzzawoyzzz

  • Race: Terran Terran
  • League: Master
  • Spawn Location: 5:00

VOD

Have the link to the VOD?

Description

Time

  • Played on: Dec. 25, 2017, 5:58 a.m.
  • Length: 12:26
Show
View Real Time Build Order
Export as new Build Order

Bourbond Terran - Winner!

Build Orders: Reaper Expand, Mech 

Get SALT Encoding   

  12  0:00  SCV  
  13  0:12  SCV  
  14  0:17  Supply Depot  
  14  0:25  SCV  
  15  0:29  Refinery  
  15  0:39  SCV  
  16  0:45  Barracks  
  16  0:51  SCV  
  17  1:03  SCV  
  18  1:15  SCV  
  19  1:32  Reaper  
  19  1:33  Orbital Command  
  20  1:53  Command Center  
  20  2:04  Factory, SCV  
  21  2:08  Barracks Reactor  
  21  2:16  SCV  
  21  2:18  Refinery  
  22  2:22  Supply Depot  
  22  2:33  SCV  
  22  2:45  SCV  
  23  2:53  Hellion x2  
  23  2:57  SCV  
  28  3:00  Starport  
  28  3:06  Orbital Command  
  28  3:12  SCV  
  27  3:22  Hellion  
  27  3:23  Barracks Tech Lab  
  27  3:24  SCV  
  30  3:38  SCV x2  
  32  3:48  Cyclone  
  32  3:49  Cyclone  
  32  3:50  SCV  
  32  3:53  SCV  
  40  4:02  Raven  
  40  4:03  SCV  
  40  4:04  Supply Depot  
  40  4:07  SCV  
  44  4:16  SCV  
  45  4:21  SCV  
  46  4:25  Cyclone  
  46  4:27  Supply Depot  
  46  4:28  SCV  
  46  4:29  Supply Depot  
  50  4:33  SCV  
  47  4:40  SCV  
  48  4:45  Viking  
  48  4:46  SCV  
  48  4:52  SCV  
  52  4:53  Command Center  
  52  4:54  Supply Depot  
  52  4:58  SCV  
  53  5:00  Cyclone  
  53  5:04  SCV  
  57  5:08  Refinery  
  57  5:10  SCV, Refinery  
  57  5:13  Cyclone  
  61  5:17  SCV  
  62  5:22  SCV  
  62  5:25  Engineering Bay  
  62  5:27  Barracks Tech Lab  
  63  5:29  SCV  
  63  5:34  SCV  
  65  5:41  SCV  
  65  5:42  Factory  
  65  5:46  Factory  
  65  5:47  Starport Reactor  
  65  5:48  SCV  
  66  5:50  Supply Depot  
  66  5:53  SCV  
  67  6:00  SCV  
  68  6:05  SCV  
  68  6:06  Armory  
  53  6:11  Orbital Command  
  69  6:12  SCV  
  69  6:16  Factory, Hellion x2  
  69  6:17  SCV  
  75  6:25  Viking, SCV  
  78  6:28  Orbital Command  
  78  6:29  SCV  
  78  6:31  Infernal Pre-Igniter  
  79  6:37  Hellion x2, SCV  
  84  6:47  SCV  
  84  6:49  SCV  
  80  6:54  SCV  
  80  6:59  Hellion  
  80  7:00  Hellion x3  
  86  7:02  Barracks Tech Lab  
  86  7:04  Factory  
  76  7:22  SCV  
  74  7:23  SCV  
  74  7:24  SCV  
  74  7:28  Barracks Reactor  
  76  7:34  SCV  
  76  7:35  SCV  
  76  7:36  SCV  
  76  7:37  Refinery  
  76  7:38  Refinery  
  76  7:40  Terran Vehicle Weapons Level 1  
  76  7:43  Siege Tank, Armory  
  76  7:44  Siege Tank  
  82  7:46  SCV  
  82  7:47  Hellion x2, SCV  
  82  7:50  SCV  
  89  7:57  Sensor Tower  
  90  7:58  SCV  
  90  7:59  Supply Depot, Siege Tank  
  93  8:06  SCV  
  98  8:13  Hellion x2  
  98  8:15  Siege Tank  
  101  8:21  Viking, SCV  
  101  8:23  SCV x2  
  106  8:28  Supply Depot x2  
  106  8:29  Supply Depot, Siege Tank  
  106  8:32  Missile Turret x2  
  106  8:33  Missile Turret  
  109  8:39  Terran Vehicle And Ship Armor Level 1, Missile Turret  
  109  8:42  Missile Turret x2  
  109  8:43  Missile Turret  
  109  8:44  Missile Turret  
  109  8:47  Hellion  
  109  8:48  Siege Tank, Hellion  
  107  8:50  Siege Tank  
  107  8:51  Hellion  
  107  8:54  Viking  
  113  8:59  Hellion  
  115  9:05  Supply Depot  
  115  9:06  SCV  
  115  9:09  Supply Depot  
  116  9:13  Siege Tank  
  116  9:14  Command Center, Hellion  
  116  9:16  Hellion  
  123  9:22  Supply Depot  
  123  9:26  Supply Depot  
  123  9:27  Siege Tank x2  
  123  9:28  Hellion  
  131  9:33  Supply Depot  
  131  9:34  Supply Depot  
  131  9:36  Terran Vehicle Weapons Level 2  
  131  9:46  Siege Tank, Hellion  
  131  9:47  Hellion  
  103  10:18  Hellion x3  
  103  10:19  Cyclone, Hellion x3  
  103  10:20  Viking x2  
  122  10:23  SCV  
  123  10:39  Cyclone x2  
  123  10:40  Siege Tank  
  122  10:58  Cyclone, Siege Tank, Hellion  
  130  11:08  Siege Tank  
  120  11:22  Viking x2  
  120  11:23  Siege Tank  
  120  11:24  Hellion x2  
  125  11:30  Siege Tank  
  116  11:38  Hellion  
  118  11:40  Siege Tank  
  121  11:53  Hellion x3  
Show
View Real Time Build Order
Export as new Build Order

zzzawoyzzz Terran 

Build Orders: Reaper Expand, MMM Bio 

Get SALT Encoding   

  12  0:00  SCV  
  13  0:13  SCV  
  14  0:17  Supply Depot  
  14  0:25  SCV  
  14  0:27  Refinery  
  15  0:38  SCV  
  16  0:45  Barracks  
  16  0:50  SCV  
  17  1:03  SCV  
  18  1:15  SCV  
  19  1:31  Orbital Command  
  19  1:32  Reaper  
  20  1:49  Command Center  
  20  2:00  Supply Depot  
  20  2:04  Reaper  
  20  2:08  SCV  
  22  2:10  Refinery  
  21  2:32  Factory  
  21  2:37  SCV  
  21  2:42  Barracks Reactor  
  22  2:51  SCV  
  23  3:03  SCV  
  24  3:18  Marine x2  
  26  3:20  Cyclone, Starport  
  26  3:23  SCV  
  26  3:25  Orbital Command  
  29  3:36  Marine x2  
  31  3:42  SCV  
  31  3:50  SCV  
  31  3:53  Factory Tech Lab  
  31  3:54  SCV  
  33  3:58  Viking  
  35  4:03  SCV  
  35  4:06  SCV  
  35  4:07  Marine x2  
  35  4:08  Supply Depot  
  39  4:14  Siege Tank  
  42  4:19  SCV x2  
  42  4:20  Engineering Bay  
  44  4:25  Marine x2  
  44  4:30  Supply Depot  
  46  4:32  Starport Reactor  
  46  4:33  SCV x2  
  46  4:45  SCV x2  
  48  4:57  SCV x2  
  48  4:58  Barracks  
  48  4:59  Terran Infantry Weapons Level 1  
  50  5:01  Missile Turret x2  
  50  5:03  Barracks  
  50  5:05  Supply Depot  
  50  5:06  Stimpack  
  50  5:14  Factory Tech Lab  
  50  5:15  Medivac  
  50  5:16  Marine  
  50  5:17  SCV x2  
  50  5:20  Refinery  
  55  5:23  Refinery  
  55  5:30  SCV  
  55  5:33  Medivac  
  55  5:34  Marine  
  59  5:35  SCV  
  59  5:42  SCV  
  61  5:43  Supply Depot  
  61  5:51  Marine x2  
  61  5:54  Barracks Reactor  
  63  5:58  SCV  
  63  6:00  Supply Depot  
  61  6:16  Command Center  
  61  6:19  Marine x3  
  61  6:20  Siege Tank  
  67  6:26  Supply Depot, Barracks  
  67  6:27  Barracks  
  65  6:41  Barracks x2  
  64  6:51  Marine x5  
  52  7:09  Marine x2  
  42  7:23  Orbital Command  
  42  7:25  Marine x4  
  42  7:26  Marine x2  
  42  7:27  Marine  
  47  7:39  Siege Tank  
  47  7:43  Bunker, Marine x2  
  55  7:44  SCV  
  55  7:46  Barracks Tech Lab  
  55  7:47  Barracks Tech Lab  
  55  7:49  Barracks Reactor x2  
  53  7:52  Combat Shields  
  53  7:54  SCV  
  53  7:56  SCV  
  55  8:06  Supply Depot, SCV  
  55  8:07  Concussive Shells  
  55  8:08  Marine x3, SCV, Marauder  
  55  8:09  Marine  
  55  8:12  Siege Tank  
  66  8:18  SCV  
  67  8:20  SCV  
  67  8:21  Marine  
  67  8:22  Marine  
  70  8:27  Marine x5, Medivac  
  70  8:30  SCV  
  70  8:31  Supply Depot  
  70  8:34  Supply Depot  
  78  8:48  SCV  
  78  8:52  Medivac  
  78  8:53  Marauder x3  
  78  8:55  SCV  
  87  8:56  Marine  
  87  8:57  Medivac  
  90  9:14  Marauder x2  
  94  9:19  Supply Depot x2  
  94  9:21  Command Center  
  94  9:35  Supply Depot  
  94  9:40  Marine x4, Marauder x2  
  94  9:41  Medivac, Marauder  
  106  10:06  Liberator  
  86  10:07  Liberator  
  70  10:18  Marine x6, Marauder x3  
  70  10:19  Marine x2  
  84  10:26  Siege Tank  
  93  10:30  Supply Depot  
  93  10:31  Supply Depot  
  93  10:36  Marine x2  
  93  10:39  Marauder x3  
  86  11:01  Marauder x3  
  86  11:04  Marine x2  
  64  11:22  Marauder x2  
  62  11:27  Marine x2, Marauder  
  62  11:28  Marine x6  
  47  11:40  SCV  
  47  11:43  Viking, Marauder x2  
  47  11:45  Marine x4  
  57  11:49  Marauder  
  51  11:54  Marine x4  
  51  11:55  Orbital Command  
  53  12:05  Marauder  
Tags
 
Composition
MMM BioMech
Matchup
TvT
Race
Terran
Replay Pack
zielreplay
Spawn Locations
Cross Positions
Add a new tag
Caveats
  • Supply blocks, unpowered buildings, or Contaminate may cause inaccurate times.
  • Supply counts are checked every 10 seconds.